 Dungeon Crawl Stone Soup version 0.32-a0-433-g08bcfe7 (webtiles) character file.

Game seed: 12678561360873460359

291 jagoly the Chopper (level 6, -2/47 HPs)
             Began as a Mummy Monk on Feb 22, 2024.
             Slain by a gnoll
             ... wielding a +0 spear
              (3 damage)
             ... on level 3 of the Dungeon.
             The game lasted 00:06:07 (1766 turns).

jagoly the Chopper (Mummy Monk)                     Turns: 1766, Time: 00:06:07

Health: -2/47      AC:  6    Str: 16    XL:     6   Next: 10%
Magic:  6/6        EV: 11    Int: 10    God:
Gold:   83         SH:  0    Dex: 20    Spells: 5/5 levels left

rFire   x . .        a - +0 hand axe
rCold   + . .        c - orb {light}
rNeg    + + +        m - +0 ring mail
rPois   ∞            (no helmet)
rElec   .            (no cloak)
rCorr   .            (no gloves)
SInv    +            q - +0 pair of boots
Will    .....        (no amulet)
Stlth   +            n - +6 ring of dexterity
HPRegen 0.27/turn    o - ring of see invisible
MPRegen 0.10/turn

%: faith
@: glowing
A: cold resistance 1, negative energy resistance 3, torment resistance 2, heat
vulnerability 1, in touch with death 1, no potions, faith
a: no special abilities


You were on level 3 of the Dungeon.
You visited 1 branch of the dungeon, and saw 3 of its levels.

You collected 101 gold pieces.
You spent 18 gold pieces at shops.

Inventory:

Hand Weapons
 a - a +0 hand axe (weapon)
 p - a +0 sling
Missiles
 e - 5 javelins (quivered)
 j - 21 stones
 l - a poisoned dart
Armour
 b - a +0 robe
 c - an orb of light (worn)
 d - a +0 chain mail
 m - a +0 ring mail (worn)
 q - a +0 pair of boots (worn)
Jewellery
 n - a +6 ring of dexterity (left hand)
 o - a ring of see invisible (right hand)
Scrolls
 f - a scroll of revelation {unknown}
 g - 2 scrolls of identify {unknown}
 h - a scroll of fear {unknown}
 i - 2 scrolls of vulnerability {unknown}
 k - a scroll of brand weapon {unknown}


   Skills:
 - Level 3.0 Fighting
 + Level 5.7 Axes
 - Level 2.4 Dodging


You had 5 spell levels left.
You didn't know any spells.
Your spell library was empty.

Dungeon Overview and Level Annotations

Branches:
Dungeon (3/15) Zot: 16219

Altars:

Shops:
D:2 *


Innate Abilities, Weirdness & Mutations

You are immune to poison.
Your flesh is cold resistant. (rC+)
You are immune to negative energy. (rN+++)
You are immune to unholy pain and torment.
You are vulnerable to heat. (rF-)
You are in touch with the powers of death.
You do not drink.
You have a special connection with the divine. (Faith)


Message History

No target in view!
HP restored.
Things that are here:
a +0 dagger; a +0 robe
i - a scroll labelled FOXTYMPIESCH You see here a giant cockroach corpse.
Found a stone staircase leading down.
There is a stone staircase leading down here.
A hobgoblin comes into view.
You hit the hobgoblin but do no damage.
The hobgoblin hits you but does no damage.
You slash the hobgoblin!
You kill the hobgoblin!
You have reached level 4!
Found a smoky inky potion.
You see here a smoky inky potion.
Found a stone staircase leading up.
An adder comes into view.
The adder hisses angrily.
You hit the adder.
The adder is lightly wounded.
The adder bites you.
You slash the adder!
You kill the adder!
No target in view!
No target in view!
You now have 25 gold pieces (gained 5).
Found 3 stones.
A rat comes into view.
The rat squeaks loudly.
A frilled lizard comes into view.
A hobgoblin comes into view.
Found a scroll labelled ASKACWIXOMI.
The frilled lizard hisses angrily.
The hobgoblin shouts!
The rat barely misses you.
You hit the rat.
You kill the rat!
You hit the hobgoblin.
The hobgoblin is severely wounded.
The hobgoblin misses you.
You barely miss the hobgoblin.
The hobgoblin is severely wounded.
The hobgoblin hits you.
You hit the hobgoblin.
You kill the hobgoblin!
You hit the frilled lizard.
You kill the frilled lizard!
No target in view!
Things that are here:
a frilled lizard corpse; a hobgoblin corpse; a rat corpse You now have 35 gold pieces (gained 10).
You see here 3 stones.
j - 3 stones
k - a scroll labelled ASKACWIXOMI Key pressed, stopping explore.
Search for what [? for help]? throw Unknown command.
Found a viscous red potion.
You open the large door.
A frilled lizard comes into view.
The frilled lizard hisses angrily.
Found 3 poisoned darts.
There is a large open door here.
You hit the frilled lizard.
You kill the frilled lizard!
No target in view!
You see here 3 poisoned darts.
l - 3 poisoned darts A giant cockroach and a bat come into view.
The giant cockroach moves out of view.
You slash the bat!
You kill the bat!
A kobold comes into view. It is wielding a +0 dagger.
Found a ring mail.
The kobold shouts!
You hear an angry hiss.
The kobold moves out of view.
You hit the giant cockroach.
You kill the giant cockroach!
The kobold hits you but does no damage.
You slash the kobold!
You kill the kobold!
No target in view!
No target in view!
Things that are here:
a +0 dagger; a kobold corpse A jackal comes into view.
Found a pearl ring.
The jackal barks!
You hear a bark!
A jackal is nearby!
A jackal comes into view.
The jackal barks!
A jackal comes into view.
The jackal barks!
The jackal pauses to sniff the ground.
The jackal bites you but does no damage.
The jackal bites you but does no damage.
The jackal attacks as it pursues you! The jackal barely misses you. x2
You hit the jackal.
The jackal is heavily wounded.
You barely miss the jackal. The jackal barely misses you.
The jackal bites you but does no damage. x2
You hit the jackal.
You kill the jackal!
You hit the jackal. x2; The jackal barely misses you.
The jackal bites you. The jackal barely misses you.
You hit the jackal.
You kill the jackal!
You hit the jackal.
You kill the jackal!
No target in view!
No target in view!
You see here a jackal corpse.
You see here a +0 ring mail.
You start removing your armour.
You continue removing your +0 chain mail. x4
You finish removing your +0 chain mail.
You start putting on your armour.
You continue putting on your +0 ring mail. x5
You finish putting on your +0 ring mail.
n - a +6 ring of dexterity
Found an escape hatch in the floor.
A bat, a ball python and Natasha come into view.
The ball python hisses angrily.
Natasha hisses angrily.
You feel agile.
n - a +6 ring of dexterity (left hand)
The bat closely misses you.
Press: ? - help, . - travel You can't see that place. [the floor.]
You hit the bat but do no damage. The bat hits you but does no damage.
You hit the bat.
The bat is moderately wounded.
The bat hits you. x2
You hit the bat.
You kill the bat!
You slash the ball python!
You kill the ball python!
You slash Natasha!
Natasha is heavily wounded.
Natasha casts a spell at you. You resist with some effort.
You hit Natasha.
Natasha is severely wounded.
Natasha claws you but does no damage.
You slash Natasha!
You kill Natasha!
Natasha growls in agony!
A bat comes into view.
A hobgoblin comes into view.
The bat moves out of view.
The hobgoblin shouts!
You see here the felid corpse of Natasha.
You hit the hobgoblin.
You kill the hobgoblin!
You hit the bat.
You kill the bat!
No target in view!
No target in view!
g - 2 scrolls labelled OCVEXA TAPT (gained 1)
Found a whip.
No target in view!
Found a white potion.
Natasha, Servant of Life and Death comes into view.
Found 3 gold pieces.
Natasha hisses angrily.
You hit Natasha.
Natasha is moderately wounded.
Natasha claws you but does no damage.
You closely miss Natasha.
Natasha is moderately wounded.
Natasha claws you.
You hit Natasha but do no damage.
Natasha is moderately wounded.
Natasha barely misses you.
You hit Natasha.
Natasha is severely wounded.
Natasha claws you. x2
You hit Natasha.
Natasha is almost dead.
Natasha claws you!
* * * LOW HITPOINT WARNING * * *
Hit: a) +0 hand axe
Press: ? - help, Dir - move target, f - Natasha
Aim: Natasha (almost dead, haloed, about 24% to evade your +0 hand axe)
You hit Natasha.
You kill Natasha!
Natasha growls in agony!
You have reached level 5!
You feel clever.
HP restored.
i - 2 scrolls labelled FOXTYMPIESCH (gained 1)
You now have 38 gold pieces (gained 3).
A hobgoblin comes into view.
You hit the hobgoblin.
You kill the hobgoblin!
No target in view!
No target in view!
You now have 44 gold pieces (gained 6).
Things that are here:
a +0 dagger; a kobold skeleton
Found a ring mail.
Found a stone staircase leading down.
You now have 52 gold pieces (gained 8).
Natasha, Servant of Life and Death comes into view.
Natasha hisses angrily.
You hit Natasha.
Natasha is heavily wounded.
Natasha closely misses you.
You slash Natasha!
You kill Natasha!
You feel Natasha's spirit has finally been put to rest.
Your Axes skill increases to level 5!
Things that are here:
a frilled lizard skeleton; a hobgoblin skeleton; a rat skeleton You are caught in the web!
o - a ring of see invisible
There is a web here.
o - a ring of see invisible (right hand)
You disentangle yourself.
An adder comes into view.
The adder hisses angrily.
You slash the adder!
The adder is severely wounded.
The adder bites you but does no damage. The adder closely misses you.
You hit the adder.
You kill the adder!
No target in view!
A frilled lizard comes into view.
The frilled lizard hisses angrily.
A frilled lizard is nearby!
You hit the frilled lizard.
You kill the frilled lizard!
No target in view!
Found a stone staircase leading up.
You now have 69 gold pieces (gained 17).
j - 4 stones (gained 1)
You see here a +0 short sword.
Found an escape hatch in the ceiling.
There is an entrance to Buuram's Assorted Antiques here.
Done exploring.
Done exploring.
Search for what [Enter for "throw", or ? for help]?
You see here a +0 short sword.
There is a stone staircase leading up here.
You climb upwards.
There is a stone staircase leading down here.
You see here a +0 whip.
There is an open door here.
j - 10 stones (gained 6)
There is an open door here.
You see here a +0 whip.
j - 15 stones (gained 5)
You see here a +0 club.
Done exploring.
Done exploring.
There is a stone staircase leading down here.
You climb downwards.
There is a stone staircase leading up here.
Done exploring.
There is a stone staircase leading down here.
You climb downwards.
Found a stone staircase leading down.
There is a stone staircase leading up here.
An adder comes into view.
The adder hisses angrily.
You hit the adder.
The adder is heavily wounded.
The adder bites you. The adder bites you but does no damage.
You hit the adder.
The adder is almost dead.
The adder bites you but does no damage.
You hit the adder.
You kill the adder!
Found a sling.
You see here a +0 sling.
You see here a +0 sling.
p - a +0 sling You now have 78 gold pieces (gained 9).
A scorpion comes into view.
Found 5 atropa-tipped darts.
The scorpion moves out of view.
An adder comes into view.
The adder hisses angrily.
The adder moves out of view.
Found a stone staircase leading up.
You hit the scorpion.
The scorpion is moderately wounded.
The scorpion stings you.
You hit the scorpion.
The scorpion is moderately wounded.
The scorpion stings you. The adder bites you.
You hit the scorpion.
The scorpion is moderately wounded.
You completely miss the adder.
The scorpion stings you but does no damage.
The adder bites you. The scorpion misses you.
You hit the scorpion.
The scorpion is heavily wounded.
You hit the adder. The adder closely misses you.
The scorpion barely misses you.
You hit the scorpion but do no damage.
The scorpion is heavily wounded.
You barely miss the adder. The adder bites you but does no damage.
The scorpion barely misses you. The adder closely misses you.
You hit the scorpion but do no damage.
The scorpion is heavily wounded.
You hit the adder. The scorpion completely misses you.
The adder bites you but does no damage.
Unknown command.
You barely miss the scorpion.
The scorpion is heavily wounded.
You barely miss the adder. The adder barely misses you.
The scorpion barely misses you. The adder bites you. The scorpion stings you.
Unknown command.
Unknown command.
You barely miss the scorpion.
The scorpion is heavily wounded.
You hit the adder. The adder bites you. The scorpion stings you.
* * * LOW HITPOINT WARNING * * *
Unknown command.
You completely miss the scorpion.
The scorpion is heavily wounded.
You hit the adder. The adder bites you.
* * * LOW HITPOINT WARNING * * *
The scorpion stings you.
* * * LOW HITPOINT WARNING * * *
Unknown command.
You hit the scorpion.
The scorpion is heavily wounded.
You hit the adder.
You kill the adder!
The scorpion stings you but does no damage.
Unknown command.
Unknown command.
You hit the scorpion.
The scorpion is severely wounded.
The scorpion stings you.
* * * LOW HITPOINT WARNING * * *
Unknown command.
Unknown command.
You hit the scorpion but do no damage.
The scorpion is severely wounded.
The scorpion stings you.
* * * LOW HITPOINT WARNING * * *
The scorpion completely misses you.
Unknown command.
Unknown command.
You hit the scorpion.
You kill the scorpion!
Unknown command.
Unknown command.
You see here a scorpion corpse.
There is a stone staircase leading up here.
HP restored.
Found a stone staircase leading down.
You open the door. You open the door.
There is an open door here.
Found a fuming sapphire potion.
j - 21 stones (gained 6)
An endoplasm comes into view.
The endoplasm quivers.
The endoplasm hits you but does no damage.
You hit the endoplasm.
The endoplasm is heavily wounded.
The endoplasm freezes you.
You are frozen.
You resist.
You hit the endoplasm.
The endoplasm is severely wounded.
The endoplasm freezes you.
You are frozen.
You resist.
You hit the endoplasm.
You kill the endoplasm!
No target in view!
No target in view!
Found an escape hatch in the ceiling.
Found a pair of boots.
You see here a +0 pair of boots.
You start putting on your armour.
You continue putting on your +0 pair of boots. x4
You finish putting on your +0 pair of boots.
You now have 83 gold pieces (gained 5).
You open the large door.
There is a large open door here.
There is a large open door here.
Found a leather armour.
A gnoll comes into view. It is wielding a +0 flail.
The gnoll shouts!
You hear a shout! x2
Throw: 3 darts (poison)
Press: ? - help, Shift-Dir - straight line, f - gnoll
Aim: a gnoll, wielding a +0 flail (64% to hit)
You throw a poisoned dart. The poisoned dart hits the gnoll.
The gnoll is poisoned.
Throw: 2 darts (poison)
Press: ? - help, Shift-Dir - straight line, f/p - gnoll
Aim: a gnoll, wielding a +0 flail (lightly wounded, poisoned, 64% to hit)
You throw a poisoned dart. The poisoned dart hits the gnoll.
The gnoll looks even sicker.
The gnoll is lightly wounded.
Throw: dart (poison)
Press: ? - help, Shift-Dir - straight line, f/p - gnoll
Aim: a gnoll, wielding a +0 flail (moderately wounded, very poisoned, 64% to hit)
You throw a poisoned dart. The poisoned dart hits the gnoll.
The gnoll looks even sicker.
The gnoll is moderately wounded.
You hit the gnoll.
You kill the gnoll!
You have reached level 6!
Things that are here:
a +0 flail; a gnoll corpse
l - a poisoned dart A gnoll comes into view.
It is wielding a +0 halberd.
You see here a poisoned dart.
A gnoll comes into view. It is wielding a +0 club.
The gnoll shouts! x2; You hear a shout!
The gnoll attacks as it pursues you! The gnoll barely misses you.
The gnoll hits you with a +0 club. The gnoll barely misses you.
The gnoll attacks as it pursues you! The gnoll hits you with a +0 club.
You hit the gnoll.
The gnoll is heavily wounded.
You hit the gnoll but do no damage. The gnoll hits you with a +0 halberd.
The gnoll hits you with a +0 club.
You hit the gnoll.
The gnoll is severely wounded.
You hit the gnoll. The gnoll hits you with a +0 halberd!
* * * LOW HITPOINT WARNING * * *
The gnoll hits you with a +0 club.
* * * LOW HITPOINT WARNING * * *
You hit the gnoll.
You kill the gnoll!
You hit the gnoll. The gnoll barely misses you.
Unknown command.
You completely miss the gnoll.
The gnoll is moderately wounded.
The gnoll hits you but does no damage.
Unknown command.
Unknown command.
You hit the gnoll.
The gnoll is moderately wounded.
The gnoll hits you with a +0 club.
* * * LOW HITPOINT WARNING * * *
A gnoll comes into view. It is wielding a +0 spear.
Unknown command.
Unknown command.
You can't drink.
Okay, then.
You slash the gnoll!
The gnoll is almost dead.
The gnoll hits you with a +0 club.
* * * LOW HITPOINT WARNING * * *
Unknown command.
Unknown command.
You hit the gnoll.
You kill the gnoll!
Unknown command.
Unknown command.
Unknown command.
Unknown command.
Unknown command.
Unknown command.
Unknown command.
Press: ? - help, v - describe, . - travel, g - get item
Here: a gnoll, wielding a +0 spear (haloed) Item here: a poisoned dart.
The floor.
Unknown command.
Unknown command.
Unknown command.
Unknown command.
Unknown command.
Unknown command.
You see here a +0 club.
Unknown command.
Unknown command.
Unknown command.
Unknown command.
Unknown command.
Unknown command.
The gnoll attacks as it pursues you!
The gnoll hits you from afar with a +0 spear.
* * * LOW HITPOINT WARNING * * *
Unknown command.
Unknown command.
Unknown command.
Unknown command.
Unknown command.
Unknown command.
Unknown command.
Unknown command.
Unknown command.
Unknown command.
Unknown command.
Unknown command.
The gnoll attacks as it pursues you! The gnoll barely misses you.
Unknown command.
Unknown command.
Unknown command.
Unknown command.
The gnoll attacks as it pursues you!
The gnoll hits you from afar with a +0 spear.
You die...

#.###..........................
#.####..###................g...
#..........>.#..####..#...#.##.
######..####.#..####(.#...#.##.
######..## #.#.)).)(......#....
#........# #....####..#..######
#.####.#.###..g.......#.#### #
#.####....##.#..............###
#.#......#####@.......#.#.##...
#.#.##.#..^ß^..##.##..#.#.##...
#........#####+##.....#.#.##...
##..#.....##.....###...........
##..#..#.###..........#.#.#....
#.........##..............#.###
####.##..#.............##.#.#.#
...................######.#.#.###
###..##..##......................


You could see a gnoll.

Vanquished Creatures
  A scorpion (D:3)
  Jessica (D:2)
  Natasha (thrice) (D:2)
  3 gnolls (D:3)
  5 adders
  A dart slug (D:1)
  3 ball pythons
  3 endoplasms
  2 giant cockroaches (D:2)
  2 goblins (D:1)
  8 hobgoblins
  3 jackals (D:2)
  6 kobolds
  6 bats
  5 frilled lizards
  7 rats
59 creatures vanquished.

Notes
Turn   | Place    | Note
-------+----------+-------------------------------------------
     0 | D:1      | jagoly the Mummy Monk began the quest for the Orb.
     0 | D:1      | Reached XP level 1. HP: 18/18 MP: 1/1
   114 | D:1      | Reached skill level 3 in Axes
   114 | D:1      | Reached XP level 2. HP: 24/24 MP: 2/2
   323 | D:1      | Found a faded altar of an unknown god.
   454 | D:1      | Reached XP level 3. HP: 29/29 MP: 3/3
   615 | D:2      | Found Buuram's Assorted Antiques.
   639 | D:2      | Bought a scroll labelled LEREOH UZXOGOMAAN for 18 gold
                  | pieces
   649 | D:2      | Noticed Jessica
   655 | D:2      | Killed Jessica
   656 | D:2      | Reached skill level 4 in Axes
   714 | D:2      | Reached XP level 4. HP: 35/35 MP: 4/4
   869 | D:2      | Noticed Natasha
   880 | D:2      | Killed Natasha
   914 | D:2      | Noticed Natasha
   921 | D:2      | Killed Natasha
   922 | D:2      | Reached XP level 5. HP: 21/41 MP: 5/5
  1077 | D:2      | Noticed Natasha
  1081 | D:2      | Killed Natasha
  1082 | D:2      | Reached skill level 5 in Axes
  1745 | D:3      | Reached XP level 6. HP: 47/47 MP: 6/6
  1760 | D:3      | HP: 2/47 [gnoll/+0 club (5)]
  1766 | D:3      | Slain by a gnoll

Illustrated notes

Levels and vault maps discovered:
D:1:      minmay_arrival_plants_in_alcoves, layout_basic,
          hellmonk_ecumenical_altar_inner_sanctum
D:2:      cheibrodos_old_hovel, layout_rooms, serial_shops,
          nicolae_shop_overgrown_old_shop, corner_web_ring,
          minmay_misc_feat_five, minmay_between, uniq_jessica, uniq_natasha
D:3:      layout_basic, lightli_temple_of_fire, ebering_dispersal_statue_hall,
          minmay_misc_feat_more_columns

Skill      XL: |  1  2  3  4  5 |
---------------+----------------+-----
Axes           | 3 4 5 |  5.7
Fighting       | |  3.0
Dodging        | |  2.4

Action                     |  1- 3 |  4- 6 || total
---------------------------+-------+-------++-------
  Melee: Hand axe          |    72 |    61 ||   133
  Throw: Dart              |       |     3 ||     3
 Armour: Chain mail        |    45 |     8 ||    53
         Ring mail         |       |    41 ||    41
  Dodge: Dodged            |    37 |    24 ||    61

Table legend: (Time is in decaauts)
 A = Elapsed time spent in this place.
 B = Non-inter-level travel time spent in this place.
 C = Inter-level travel time spent in this place.
 D = Time resting spent in this place.
 E = Time spent auto-exploring this place.
 F = Levels seen in this place.
 G = Mean time per level.
                   A        B        C        D        E       F      G
               +--------+--------+--------+--------+--------+-----+--------+
         Total |   1779 |   1678 |    101 |      0 |   1239 |   3 |  593.0 |
       Dungeon |   1779 |   1678 |    101 |      0 |   1239 |   3 |  593.0 |
               +--------+--------+--------+--------+--------+-----+--------+

Top non-repeatable levels by time:
     D:1: 696 daAuts
     D:2: 650 daAuts
     D:3: 432 daAuts
